[Event "Titled Tuesday Blitz August 23 Late 2022"]
[White "Bluebaum, Matthias"]
[Black "Shirov, Alexei"]
[WhiteFideId "24651516"]
[BlackFideId "2209390"]
[WhiteElo "2603"]
[BlackElo "2678"]
[Result "1/2-1/2"]
[Round "10"]
[TimeControl "180+1"]
[Date "2022.08.23"]
[WhiteClock "0:00:03"]
[BlackClock "0:00:20"]

1. d4 d5 2. c4 c6 3. Nc3 Nf6 4. Nf3 e6 5. Qc2 Nbd7 6. e4 Nxe4 7. Nxe4 dxe4 8. Qxe4 Bb4+ 9. Bd2 Bxd2+ 10. Nxd2 O-O 11. O-O-O Qa5 12. a3 Rd8 13. Bd3 Nf6 14. Qh4 Qh5 15. Qf4 e5 16. dxe5 Rxd3 17. exf6 Bg4 18. f3 Be6 19. fxg7 Qc5 20. b4 Qd4 21. Qxd4 Rxd4 22. c5 a5 23. Ne4 Rc4+ 24. Kd2 axb4 25. axb4 Rxb4 26. Ke3 Ra3+ 27. Rd3 Rxd3+ 28. Kxd3 Kxg7 29. g4 Bd5 30. Nd6 Bxf3 31. Rf1 Bd5 32. Kc3 Rxg4 33. Nf5+ Kg6 34. Ne7+ Kg7 35. Nf5+ Kg6 36. Ne7+ Kg7 37. Nf5+ 1/2-1/2


[Site "https://www.chess.com"]

[Event "Titled Tuesday Blitz August 23 Late 2022"]
[White "Bok, Benjamin"]
[Black "Djordjevic, Vuk"]
[WhiteFideId "1017063"]
[BlackFideId "902098"]
[WhiteElo "2658"]
[BlackElo "2456"]
[Result "1-0"]
[Round "10"]
[TimeControl "180+1"]
[Date "2022.08.23"]
[WhiteClock "0:00:30"]
[BlackClock "0:00:01"]

1. d4 Nf6 2. c4 e6 3. Nc3 Bb4 4. Qc2 d5 5. a3 Bxc3+ 6. Qxc3 O-O 7. Bg5 c6 8. e3 Nbd7 9. Nf3 Ne4 10. Bxd8 Nxc3 11. Bh4 Ne4 12. Bd3 Nd6 13. cxd5 exd5 14. Be7 Ne4 15. Bxf8 Kxf8 16. Nd2 Nd6 17. f3 Nb6 18. g4 Be6 19. Kf2 h6 20. h4 g6 21. b3 a5 22. Rab1 Nd7 23. a4 c5 24. Rhc1 b6 25. Nf1 Rc8 26. Ng3 Kg7 27. h5 Rf8 28. hxg6 fxg6 29. Kg2 Re8 30. Ne2 Bf7 31. Kf2 Rf8 32. Rd1 Ne4+ 33. fxe4 dxe4 34. Bb5 Bxb3+ 35. Nf4 Bxd1 36. Rxd1 g5 37. Bxd7 gxf4 38. dxc5 bxc5 39. exf4 Rxf4+ 40. Ke3 Rf3+ 41. Kxe4 Rc3 42. Rd6 c4 43. Ra6 Rc1 44. Bf5 c3 45. Kd3 Kf7 46. Rxa5 1-0


[Site "https://www.chess.com"]

[Event "Titled Tuesday Blitz August 23 Late 2022"]
[White "Bortnyk, Olexandr"]
[Black "Dubov, Daniil"]
[WhiteFideId "14120828"]
[BlackFideId "24126055"]
[WhiteElo "2723"]
[BlackElo "2791"]
[Result "0-1"]
[Round "10"]
[TimeControl "180+1"]
[Date "2022.08.23"]
[WhiteClock "0:00:03"]
[BlackClock "0:00:05"]

1. e4 e5 2. Bc4 Nf6 3. d3 Bc5 4. Nc3 c6 5. Qf3 d6 6. h3 Be6 7. Nge2 Nbd7 8. Bg5 h6 9. Be3 O-O 10. Bb3 Rc8 11. g4 Bxe3 12. fxe3 d5 13. O-O-O Nc5 14. Rdg1 d4 15. Nd1 Nh7 16. h4 g6 17. g5 h5 18. exd4 exd4 19. Nf4 Bxb3 20. axb3 Kh8 21. Nf2 Nd7 22. Qg3 Qe7 23. Ne2 a5 24. Nxd4 Ra8 25. c3 a4 26. bxa4 Rxa4 27. Kc2 Rfa8 28. Qc7 R4a7 29. e5 Nhf8 30. Qd6 Qxe5 31. Qxe5+ Nxe5 32. Re1 Nfd7 33. Ne4 Ra2 34. Rhf1 R8a6 35. Nd6 Rb6 36. Rb1 Kg8 37. Nc8 Rba6 38. Nd6 Nc5 39. Rfd1 Rb6 40. Nc8 Rba6 41. Nb3 Ne6 42. Nd6 Ng4 43. Re1 R2a4 44. Nxb7 Nh2 45. N7c5 Nf3 46. Re3 Nxh4 47. Nxa6 Rxa6 48. Rh1 Nf5 49. Ree1 h4 50. d4 Nxg5 51. Reg1 Nf3 52. Rc1 Ra8 53. Nc5 Re8 54. Kd3 Re3+ 55. Kc4 g5 56. b4 Nd2# 0-1


[Site "https://www.chess.com"]

[Event "Titled Tuesday Blitz August 23 Late 2022"]
[White "Bryakin, Mikhail"]
[Black "Gheorghiu, Calin"]
[WhiteFideId "4165314"]
[BlackFideId "1200305"]
[WhiteElo "2353"]
[BlackElo "2168"]
[Result "1-0"]
[Round "10"]
[TimeControl "180+1"]
[Date "2022.08.23"]
[WhiteClock "0:02:25"]
[BlackClock "0:00:18"]

1. e4 c5 2. Nf3 d6 3. Bb5+ Nd7 4. c3 Nf6 5. Qe2 e5 6. O-O a6 7. Ba4 b5 8. Bc2 Be7 9. d3 O-O 10. a4 Bb7 11. Be3 Qc7 12. h3 Rfe8 13. Nbd2 d5 14. exd5 Nxd5 15. Rfe1 Nxe3 16. fxe3 Bf8 17. e4 Bc6 18. Nf1 Qb7 19. Ne3 c4 20. dxc4 Bxe4 21. Bxe4 Qxe4 22. axb5 axb5 23. cxb5 Rxa1 24. Rxa1 Bc5 25. Re1 Nf6 26. Nd2 Qh4 27. b4 Bb6 28. Qf2 Qxf2+ 29. Kxf2 Nd5 30. c4 Bxe3+ 31. Rxe3 Nxe3 32. Kxe3 f5 33. b6 Kf7 34. c5 Ke6 35. c6 Kd6 36. c7 Kc6 37. Nc4 Kb7 38. Nd6+ 1-0


[Site "https://www.chess.com"]

[Event "Titled Tuesday Blitz August 23 Late 2022"]
[White "Chigaev, Maksim"]
[Black "Martinez Alcantara, Jose Eduardo"]
[WhiteFideId "4108116"]
[BlackFideId "3805662"]
[WhiteElo "2487"]
[BlackElo "2703"]
[Result "1/2-1/2"]
[Round "10"]
[TimeControl "180+1"]
[Date "2022.08.23"]
[WhiteClock "0:00:06"]
[BlackClock "0:00:05"]

1. e4 Nc6 2. Nf3 d6 3. g3 Nf6 4. d3 g6 5. Bg2 Bg7 6. O-O O-O 7. Re1 e5 8. a4 h6 9. a5 a6 10. c3 Be6 11. Nbd2 Qd7 12. b4 Bh3 13. Rb1 Bxg2 14. Kxg2 d5 15. Qc2 b6 16. Ba3 Rfd8 17. axb6 cxb6 18. Qa2 Qe6 19. Kg1 Qd7 20. Rbd1 Rac8 21. Qb3 Qh3 22. b5 Na5 23. Qb1 axb5 24. Be7 dxe4 25. dxe4 Re8 26. Bxf6 Bxf6 27. Qxb5 Qe6 28. Rb1 Rc6 29. Nf1 Nc4 30. Rbd1 Rec8 31. Rd3 Rc5 32. Qd7 Qxd7 33. Rxd7 Kf8 34. Kg2 Ke8 35. Rb7 R5c7 36. Rxc7 Rxc7 37. Rb1 Be7 38. N3d2 Nxd2 39. Nxd2 Rc6 40. Rb3 Kd7 41. Nf3 Ke6 42. Ne1 Bd8 43. Nd3 Rc4 44. f3 Ra4 45. Rb2 f5 46. exf5+ gxf5 47. Nb4 Bc7 48. Rd2 Bd6 49. Nd5 b5 50. h3 Rc4 51. g4 fxg4 52. hxg4 Rc5 53. Ne3 Rxc3 54. Nf5 Bc5 55. Re2 b4 56. f4 Kd7 57. fxe5 b3 58. e6+ Kc7 59. e7 Bxe7 60. Rxe7+ Kc6 61. Re2 Kd5 62. Kf2 Kc4 63. Ne3+ Kd3 64. Nd5 Rc2 65. Nb4+ Kc3 66. Nxc2 bxc2 67. Re1 Kd2 68. Rh1 c1=Q 69. Rxc1 Kxc1 70. Ke3 Kd1 71. Kf3 Ke1 72. Kg3 Ke2 73. Kf4 Kf2 74. g5 hxg5+ 75. Kxg5 1/2-1/2


[Site "https://www.chess.com"]

[Event "Titled Tuesday Blitz August 23 Late 2022"]
[White "Fishbein, Alexander"]
[Black "Kamsky, Gata"]
[WhiteFideId "2000377"]
[BlackFideId "2000024"]
[WhiteElo "2410"]
[BlackElo "2666"]
[Result "1/2-1/2"]
[Round "10"]
[TimeControl "180+1"]
[Date "2022.08.23"]
[WhiteClock "0:00:06"]
[BlackClock "0:00:24"]

1. e4 c5 2. Nf3 Nc6 3. d4 cxd4 4. Nxd4 Nf6 5. Nc3 Qb6 6. Be3 Qxb2 7. Ndb5 Qb4 8. Bd2 Nxe4 9. a3 Nxc3 10. axb4 Nxd1 11. Nc7+ Kd8 12. Nxa8 Nb2 13. Bc3 e5 14. Bxb2 Bxb4+ 15. c3 Bc5 16. Ba3 Bxa3 17. Rxa3 b6 18. Bb5 Na5 19. O-O Bb7 20. Rd1 d5 21. Nxb6 axb6 22. c4 Kc7 23. cxd5 Kd6 24. Bf1 Rb8 25. Rg3 g6 26. Rh3 h5 27. Rf3 f5 28. Rg3 Rg8 29. Rb1 Bxd5 30. Rxb6+ Nc6 31. Bb5 Kc5 32. Bxc6 Bxc6 33. Rb1 Be4 34. Rc1+ Kd6 35. f3 f4 36. Rg5 Bf5 37. g4 fxg3 38. hxg3 Ke7 39. f4 exf4 40. gxf4 Rd8 41. Rg2 1/2-1/2


[Site "https://www.chess.com"]

[Event "Titled Tuesday Blitz August 23 Late 2022"]
[White "Ghazarian, Kirk"]
[Black "Vasquez Schroeder, Rodrigo"]
[WhiteFideId "30908604"]
[BlackFideId "3400042"]
[WhiteElo "2074"]
[BlackElo "2567"]
[Result "1/2-1/2"]
[Round "10"]
[TimeControl "180+1"]
[Date "2022.08.23"]
[WhiteClock "0:00:05"]
[BlackClock "0:00:19"]

1. d4 Nf6 2. Nf3 e6 3. Bf4 d5 4. e3 Bd6 5. Nbd2 Bxf4 6. exf4 O-O 7. Bd3 b6 8. O-O Ba6 9. Bxa6 Nxa6 10. c3 c5 11. Ne5 Nc7 12. a4 Nce8 13. Re1 Nd6 14. Qf3 cxd4 15. cxd4 Nf5 16. Qd3 Rc8 17. Rec1 Qd6 18. b3 Rc7 19. Rc3 Rfc8 20. Rac1 h5 21. g3 g6 22. h4 Kg7 23. Kg2 Ne8 24. Rxc7 Rxc7 25. Rxc7 Qxc7 26. Nf1 Ned6 27. Ne3 Nxe3+ 28. Qxe3 Qc2 29. Nf3 Qe4 30. Qxe4 Nxe4 31. Kf1 f6 32. Ke2 Kf7 33. Nd2 Nd6 34. Kd3 Ke7 35. Nb1 Ne4 36. Ke3 Kd7 37. Nd2 Nd6 38. Kd3 a5 39. f3 Nf5 40. Nf1 Kc6 41. Kc3 b5 42. Kd3 bxa4 43. bxa4 Nd6 44. Nd2 Kb6 45. g4 Kc6 46. Nf1 Ne8 47. Ng3 Ng7 48. Kc3 Kd6 49. Kd3 e5 50. g5 fxg5 51. fxe5+ Ke6 52. hxg5 h4 53. Ne2 Kf5 54. Ke3 Kxg5 55. f4+ Kg4 56. Kf2 Nf5 57. Kg2 Ne3+ 58. Kf2 Nc2 59. Kg2 Ne1+ 60. Kf2 Nd3+ 61. Kg2 Kf5 62. Kf3 Nb2 63. Nc3 h3 64. Kg3 Nd3 65. Nxd5 Ke6 66. Ne3 Nxf4 67. d5+ Nxd5 68. Nc4 Nf4 69. Kh2 g5 70. Nxa5 g4 71. Nc4 Nd5 72. a5 Nb4 73. Ne3 Kxe5 74. Nxg4+ Kd5 75. Kxh3 Kc5 76. Ne3 Kb5 77. Nc2 Kxa5 1/2-1/2


[Site "https://www.chess.com"]

[Event "Titled Tuesday Blitz August 23 Late 2022"]
[White "Guz, Ari"]
[Black "Seo, Jung Min"]
[WhiteFideId "2825759"]
[BlackFideId "1734687"]
[WhiteElo "1913"]
[BlackElo "2414"]
[Result "0-1"]
[Round "10"]
[TimeControl "180+1"]
[Date "2022.08.23"]
[WhiteClock "0:00:22"]
[BlackClock "0:00:59"]

1. e4 e5 2. Nf3 d6 3. d4 exd4 4. Nxd4 Nf6 5. Nc3 Be7 6. g3 Kf8 7. Bg2 h5 8. h4 Bg4 9. f3 Bd7 10. O-O g6 11. f4 Nc6 12. f5 Kg7 13. fxg6 fxg6 14. Nd5 Nxd5 15. exd5 Nxd4 16. Qxd4+ Bf6 17. Qc4 Re8 18. Bd2 b5 19. Qd3 Bxb2 20. Bg5 Qb8 21. Rab1 Qb6+ 22. Kh2 Be5 23. Rbe1 Qd4 24. Qb3 Rf8 25. Re4 Qc5 26. Rxf8 Rxf8 27. Be7 Rf5 28. Bg5 Qc3 29. Qxc3 Bxc3 30. Bh3 Rf7 31. Be6 Bxe6 32. dxe6 Rf8 33. e7 Re8 34. Rf4 Kg8 35. Kg2 Be5 36. Rb4 a6 37. Kf3 Kf7 38. Ke4 Bf6 39. Bxf6 Kxf6 40. a4 Rxe7+ 41. Kd5 Re5+ 42. Kc6 Rc5+ 43. Kd7 bxa4 44. c4 a3 45. Ra4 Kf5 46. Rxa6 Rxc4 47. Rxa3 Kg4 48. Ke6 g5 49. hxg5 Kxg5 50. Kf7 Kg4 51. Kg6 d5 52. Kf6 d4 53. Ke5 c5 54. Kd5 Rc3 55. Ra6 Kxg3 56. Rh6 h4 57. Rg6+ Kh2 0-1


[Site "https://www.chess.com"]

[Event "Titled Tuesday Blitz August 23 Late 2022"]
[White "Hjartarson, Johann"]
[Black "Harvey, Marcus R"]
[WhiteFideId "2300044"]
[BlackFideId "400092"]
[WhiteElo "2458"]
[BlackElo "2485"]
[Result "1-0"]
[Round "10"]
[TimeControl "180+1"]
[Date "2022.08.23"]
[WhiteClock "0:00:08"]
[BlackClock "0:00:05"]

1. c4 e5 2. g3 g6 3. Bg2 Bg7 4. Nc3 Ne7 5. Nf3 O-O 6. d3 c6 7. h4 h6 8. e4 d5 9. h5 dxe4 10. dxe4 g5 11. Qxd8 Rxd8 12. b3 Na6 13. Ba3 Kf8 14. Nh2 Ke8 15. Ke2 Ng8 16. Rad1 Rxd1 17. Nxd1 Nf6 18. Ne3 Nc7 19. Bf3 Ne6 20. Nf5 Nd4+ 21. Nxd4 exd4 22. Rd1 g4 23. Bg2 Nxh5 24. Bc5 Be6 25. Bxd4 Bxd4 26. Rxd4 c5 27. Rd2 Rd8 28. e5 Rxd2+ 29. Kxd2 b6 30. Nf1 Ke7 31. Ne3 f5 32. Nd5+ Kd7 33. Ke3 Bf7 34. Bf1 Ke6 35. Bd3 Kxe5 36. Ne7 Be8 37. Nxf5 Bd7 38. Nxh6 Kf6 39. Be2 Kg5 40. Nf7+ Kf6 41. Nd6 Ke5 42. Nb5 Bxb5 43. cxb5 Nf6 44. Kd3 Ne4 45. Ke3 Nc3 46. a4 Nd5+ 47. Kd2 Nf6 48. Bd3 Kd4 49. Bf5 c4 50. bxc4 Kxc4 51. Ke3 Kb4 52. Kd4 Kxa4 53. Ke5 Ng8 54. Bxg4 Kxb5 55. Be6 Ne7 56. f4 a5 57. f5 a4 58. f6 Ng6+ 59. Kf5 Nf8 60. Bf7 Kc5 61. g4 b5 62. g5 b4 63. g6 Nxg6 64. Kxg6 b3 65. Kg7 Kb4 66. Be6 a3 67. f7 a2 68. f8=Q+ Kc3 69. Qf3+ Kb2 70. Qxb3+ 1-0


[Site "https://www.chess.com"]

[Event "Titled Tuesday Blitz August 23 Late 2022"]
[White "Hnydiuk, Aleksander"]
[Black "Siniauski, Artsiom"]
[WhiteFideId "1109057"]
[BlackFideId "13512269"]
[WhiteElo "2374"]
[BlackElo "2139"]
[Result "0-1"]
[Round "10"]
[TimeControl "180+1"]
[Date "2022.08.23"]
[WhiteClock "0:00:38"]
[BlackClock "0:00:06"]

1. e4 Nf6 2. e5 Nd5 3. d4 d6 4. c4 Nb6 5. f4 dxe5 6. fxe5 Nc6 7. Nf3 Bg4 8. e6 fxe6 9. Be3 g6 10. h3 Bf5 11. Nc3 h5 12. Qd2 Bg7 13. O-O-O Nb4 14. Be2 Na4 15. a3 Nxc3 16. bxc3 Nc2 17. Bg5 Qd6 18. Bd3 Nxa3 19. Qa2 Qa6 20. Rhe1 Bxd3 21. Rxd3 Bf6 22. Rde3 O-O-O 23. Rxe6 c6 24. Ne5 Bxg5+ 25. Kb2 Rhf8 26. Re2 Rf1 27. Rc2 Rb1+ 28. Qxb1 Nxb1 29. Kxb1 Bf6 30. Nxg6 Qxc4 31. Nxe7+ Bxe7 32. Rxe7 Rf8 33. Kb2 a5 34. Re5 a4 35. Rc1 Qb3+ 0-1


[Site "https://www.chess.com"]

[Event "Titled Tuesday Blitz August 23 Late 2022"]
[White "Howell, David W L"]
[Black "Naroditsky, Daniel"]
[WhiteFideId "410608"]
[BlackFideId "2026961"]
[WhiteElo "2559"]
[BlackElo "2628"]
[Result "1/2-1/2"]
[Round "10"]
[TimeControl "180+1"]
[Date "2022.08.23"]
[WhiteClock "0:00:11"]
[BlackClock "0:00:07"]

1. e4 e5 2. Nf3 Nc6 3. Nc3 Nf6 4. Bb5 Nd4 5. Nxd4 exd4 6. e5 dxc3 7. exf6 Qxf6 8. dxc3 Bc5 9. Qe2+ Qe6 10. Bf4 c6 11. Qxe6+ fxe6 12. Bd3 O-O 13. Bg3 a5 14. f3 d6 15. Bf2 Bxf2+ 16. Kxf2 e5 17. Rad1 Be6 18. c4 Rf4 19. b3 a4 20. Rhe1 Bf7 21. c5 dxc5 22. Rxe5 axb3 23. axb3 c4 24. bxc4 Bxc4 25. Re7 Bxd3 26. Rxd3 Rf7 27. Rxf7 Kxf7 28. Rd7+ Kf6 29. Rxb7 Ra2 30. g4 Rxc2+ 31. Kg3 h6 32. h4 Rc1 33. h5 Rc4 34. Rc7 Rc1 35. Kf4 Rc4+ 36. Ke3 Rc3+ 37. Ke4 Rc4+ 38. Kd3 Rc1 39. Rc8 Kf7 40. Kd2 Rc5 41. Ke3 Rc1 42. Kd4 Kf6 43. Rg8 Kf7 44. Rc8 Kf6 45. Rc7 Rd1+ 46. Ke3 Rc1 47. Ra7 Rc3+ 48. Ke4 Rc4+ 49. Kd3 Rc1 50. Ra5 Kf7 51. Ke4 Rc3 52. Ra8 Rb3 53. Rc8 Rb4+ 54. Ke5 Rb5+ 55. Kd4 Rb3 56. Ke4 Rc3 57. f4 Rc1 58. Rc7+ Kf6 59. Rc8 Rc4+ 60. Kf3 Rc3+ 61. Ke4 Rc4+ 62. Kf3 c5 63. Rc6+ Kf7 64. Rc7+ Kf8 65. Rc8+ Kf7 66. Rc7+ Kf8 67. Rc8+ Kf7 68. Rc7+ 1/2-1/2


[Site "https://www.chess.com"]

[Event "Titled Tuesday Blitz August 23 Late 2022"]
[White "Kokoszczynski, Jan"]
[Black "Al-Tarboush, Ward"]
[WhiteFideId "1174460"]
[BlackFideId "7601450"]
[WhiteElo "2147"]
[BlackElo "2234"]
[Result "1-0"]
[Round "10"]
[TimeControl "180+1"]
[Date "2022.08.23"]
[WhiteClock "0:01:21"]
[BlackClock "0:00:01"]

1. d4 d5 2. Nf3 Nf6 3. Bf4 c5 4. e3 Nc6 5. c3 Qb6 6. Qc1 Bf5 7. Nbd2 e6 8. Be2 Be7 9. h3 O-O 10. O-O h6 11. Ne5 Nxe5 12. Bxe5 Rac8 13. Re1 Nd7 14. Bh2 Bf6 15. Nb3 a5 16. Nxc5 Nxc5 17. dxc5 Qxc5 18. Qd2 b5 19. Rac1 b4 20. c4 d4 21. b3 d3 22. Bxd3 Rfd8 23. e4 Bg5 24. Bf4 Rxd3 25. Qxd3 Bxf4 26. exf5 Bxc1 27. Rxc1 Qxf5 28. Qxf5 exf5 29. Rd1 a4 30. Rd5 Re8 31. Rb5 Re1+ 32. Kh2 Re2 33. Rxb4 a3 34. c5 Rxa2 35. c6 Rc2 36. Rc4 Rxc4 37. bxc4 a2 38. c7 a1=Q 39. c8=Q+ Kh7 40. Qxf5+ Kg8 41. c5 g6 42. Qd5 Qc1 43. Qd6 Kg7 44. c6 Qc4 45. c7 Qc1 46. Qd4+ Kh7 47. Qe5 1-0


[Site "https://www.chess.com"]

[Event "Titled Tuesday Blitz August 23 Late 2022"]
[White "Korchmar, Vasiliy"]
[Black "Hansen, Eric"]
[WhiteFideId "24131750"]
[BlackFideId "2606771"]
[WhiteElo "2370"]
[BlackElo "2568"]
[Result "1-0"]
[Round "10"]
[TimeControl "180+1"]
[Date "2022.08.23"]
[WhiteClock "0:00:18"]
[BlackClock "0:00:04"]

1. e4 c5 2. Nf3 e6 3. g3 Nc6 4. Bg2 d6 5. O-O Be7 6. c3 Nf6 7. Re1 e5 8. d4 cxd4 9. cxd4 Bg4 10. d5 Nd4 11. Nbd2 Rc8 12. Rb1 Nc2 13. Rf1 Qa5 14. b3 Nd4 15. Bb2 Nxf3+ 16. Bxf3 h5 17. Nc4 Qa6 18. a4 O-O 19. Kg2 b5 20. axb5 Qxb5 21. h3 Bd7 22. Ba3 Qb8 23. Nxe5 Bb5 24. Re1 Rfe8 25. Nc6 Bxc6 26. dxc6 Bf8 27. Rc1 Qb5 28. Bb2 Re5 29. Bxe5 dxe5 30. Qc2 h4 31. g4 Nh7 32. Qc4 Qb6 33. Red1 Ng5 34. Rd7 a5 35. c7 Qf6 36. Rc3 Ne6 37. Kh2 Qf4+ 38. Kg1 Qf6 39. Qa6 Rxc7 40. Rcxc7 Qxf3 41. Rxf7 Qd1+ 42. Kg2 Nf4+ 43. Rxf4 exf4 44. Qc4+ Kh8 45. Qf7 f3+ 46. Qxf3 Bd6 47. Qxd1 1-0


[Site "https://www.chess.com"]

[Event "Titled Tuesday Blitz August 23 Late 2022"]
[White "Kowalski, Igor"]
[Black "Deac, Bogdan-Daniel"]
[WhiteFideId "1172468"]
[BlackFideId "1226380"]
[WhiteElo "2376"]
[BlackElo "2648"]
[Result "0-1"]
[Round "10"]
[TimeControl "180+1"]
[Date "2022.08.23"]
[WhiteClock "0:01:04"]
[BlackClock "0:01:40"]

1. Nf3 d5 2. c4 e6 3. e3 Nf6 4. Nc3 a6 5. d4 dxc4 6. Bxc4 b5 7. Bd3 Bb7 8. O-O Nbd7 9. e4 c5 10. e5 Nd5 11. Ng5 cxd4 12. Nxd5 Bxd5 13. f4 Be7 14. Nxh7 Nc5 15. Qh5 Nxd3 16. Nf6+ gxf6 17. Qxh8+ Kd7 18. Qh3 Nxc1 19. Raxc1 f5 20. Rfd1 Qb6 21. Qh7 d3+ 22. Kh1 Qf2 23. Rg1 d2 24. Rcd1 Qxf4 25. Qxf7 Rh8 0-1


[Site "https://www.chess.com"]

[Event "Titled Tuesday Blitz August 23 Late 2022"]
[White "Ladopoulos, Dimitrios"]
[Black "Postnikov, Daniil"]
[WhiteFideId "4239580"]
[BlackFideId "4166329"]
[WhiteElo "2195"]
[BlackElo "2261"]
[Result "0-1"]
[Round "10"]
[TimeControl "180+1"]
[Date "2022.08.23"]
[WhiteClock "0:00:02"]
[BlackClock "0:00:12"]

1. d4 Nf6 2. Nc3 d5 3. Bf4 c6 4. e3 Bf5 5. f3 Nbd7 6. g4 Bg6 7. h4 h5 8. g5 Ng8 9. Bd3 Bxd3 10. Qxd3 g6 11. Nge2 e6 12. e4 Bg7 13. O-O-O Ne7 14. Bd6 Nb6 15. e5 Nf5 16. Bc5 Nd7 17. Ba3 b5 18. b3 a5 19. Bb2 a4 20. b4 a3 21. Ba1 Bf8 22. Nb1 Bxb4 23. Bc3 Be7 24. Be1 Nb6 25. Ng3 Nxg3 26. Bxg3 Nc4 27. Rdf1 c5 28. Bf2 Nb2 29. Qxb5+ Kf8 30. dxc5 Kg7 31. Nxa3 Rxa3 32. Qxb2 Qa8 33. Kd2 Rb8 34. Qd4 Ra4 35. Qd3 Ra3 36. Qd4 Qa5+ 37. Ke2 Rxa2 38. Rc1 Rbb2 39. Rhd1 Rxc2+ 40. Rxc2 Rxc2+ 41. Rd2 Bxc5 42. Rxc2 Bxd4 43. Bxd4 Qb5+ 44. Ke3 Qb1 45. Rc8 Qe1+ 46. Kd3 Qxh4 47. Bc5 Qxg5 48. Bf8+ Kh7 49. Bd6 Qf4 50. Rf8 Qxf3+ 51. Kd4 h4 52. Kc5 h3 53. Be7 Qa3+ 0-1


[Site "https://www.chess.com"]

[Event "Titled Tuesday Blitz August 23 Late 2022"]
[White "Leitao, Rafael"]
[Black "Aldokhin, Ivan"]
[WhiteFideId "2101246"]
[BlackFideId "24115720"]
[WhiteElo "2609"]
[BlackElo "2246"]
[Result "0-1"]
[Round "10"]
[TimeControl "180+1"]
[Date "2022.08.23"]
[WhiteClock "0:00:33"]
[BlackClock "0:00:18"]

1. c4 Nf6 2. Nc3 g6 3. g3 Bg7 4. Bg2 O-O 5. Nf3 d6 6. d4 Nc6 7. O-O Bf5 8. d5 Na5 9. Nd4 Bd7 10. b3 c5 11. dxc6 Nxc6 12. Bb2 Re8 13. e3 h5 14. h3 Qc8 15. Kh2 Ne5 16. Nd5 Bf5 17. Nxf5 gxf5 18. Nxf6+ Bxf6 19. Qxh5 Kg7 20. Qe2 a5 21. f4 Nd7 22. e4 fxe4 23. Bxe4 Bxb2 24. Qxb2+ Nf6 25. g4 Rh8 26. Bf5 Qc5 27. Kg3 Qe3+ 0-1


[Site "https://www.chess.com"]

[Event "Titled Tuesday Blitz August 23 Late 2022"]
[White "Lewicki, Miroslaw"]
[Black "Martic, Ivan"]
[WhiteFideId "1113380"]
[BlackFideId "929301"]
[WhiteElo "2204"]
[BlackElo "2355"]
[Result "0-1"]
[Round "10"]
[TimeControl "180+1"]
[Date "2022.08.23"]
[WhiteClock "0:01:31"]
[BlackClock "0:01:49"]

1. b3 d5 2. Bb2 Bf5 3. g3 c6 4. Bg2 Nf6 5. e3 e6 6. h3 a5 7. d3 a4 8. Nd2 Qa5 9. a3 axb3 10. cxb3 Bxd3 11. b4 Qa6 12. Ngf3 Nbd7 13. Nb3 Ne4 14. Nfd2 Ndf6 15. Nxe4 Nxe4 16. Qg4 Qc4 17. Nc1 Bxb4+ 18. axb4 Qxb4+ 19. Kd1 Qd2# 0-1


[Site "https://www.chess.com"]

[Event "Titled Tuesday Blitz August 23 Late 2022"]
[White "Lorenzo De La Riva, Lazaro"]
[Black "Machidon, Cristi"]
[WhiteFideId "2268809"]
[BlackFideId "13904590"]
[WhiteElo "2325"]
[BlackElo "2312"]
[Result "0-1"]
[Round "10"]
[TimeControl "180+1"]
[Date "2022.08.23"]
[WhiteClock "0:00:12"]
[BlackClock "0:00:28"]

1. b3 e5 2. Bb2 Nc6 3. e3 a6 4. c4 Nf6 5. Nf3 d6 6. d4 exd4 7. Nxd4 Bd7 8. Be2 g6 9. O-O Bg7 10. Nc3 O-O 11. Bf3 Re8 12. Nxc6 Bxc6 13. Bxc6 bxc6 14. Ne2 Ne4 15. Bxg7 Kxg7 16. Qc2 Qf6 17. Rad1 a5 18. Nd4 Ra6 19. f3 Nc5 20. e4 Rb8 21. Qd2 h5 22. Rb1 Rab6 23. Rfd1 a4 24. b4 Ne6 25. a3 Nxd4 26. Qxd4 Qxd4+ 27. Rxd4 c5 28. Rd5 cxb4 29. axb4 Rxb4 30. Rc1 Rb1 31. Rdd1 Rxc1 32. Rxc1 a3 33. Ra1 Rb3 34. Kf2 Rb2+ 35. Ke3 a2 36. g3 Rxh2 37. f4 Kf6 38. Kd4 Rd2+ 39. Kc3 Rg2 40. Kd4 Ke6 41. e5 dxe5+ 42. fxe5 Rd2+ 43. Kc5 Kxe5 44. Kc6 Kd4 45. c5 g5 46. Kxc7 Kxc5 0-1


[Site "https://www.chess.com"]

[Event "Titled Tuesday Blitz August 23 Late 2022"]
[White "Makarian, Rudik"]
[Black "Czopor, Maciej"]
[WhiteFideId "44105681"]
[BlackFideId "21805431"]
[WhiteElo "2403"]
[BlackElo "1924"]
[Result "1-0"]
[Round "10"]
[TimeControl "180+1"]
[Date "2022.08.23"]
[WhiteClock "0:01:30"]
[BlackClock "0:00:10"]

1. d3 g6 2. g3 Bg7 3. Bg2 h5 4. Nf3 d6 5. c4 Nc6 6. Nc3 e5 7. Rb1 Nd4 8. h4 Bg4 9. Bg5 Qd7 10. O-O Ne7 11. Bxe7 Qxe7 12. e3 Ne6 13. Qa4+ c6 14. Nh2 Nc5 15. Qc2 Bf5 16. Ne4 O-O 17. b4 Ne6 18. Nc3 g5 19. hxg5 Nxg5 20. b5 Rac8 21. bxc6 bxc6 22. Qe2 h4 23. g4 Bg6 24. Be4 Nxe4 25. dxe4 Qg5 26. Kh1 d5 27. f3 d4 28. exd4 exd4 29. Nd1 Qf4 30. Nf2 Be5 31. Nd3 Qxh2+ 32. Qxh2 Bg3 1-0


[Site "https://www.chess.com"]

[Event "Titled Tuesday Blitz August 23 Late 2022"]
[White "Maksimovic, Bojan"]
[Black "Kosteniuk, Alexandra"]
[WhiteFideId "14408120"]
[BlackFideId "4128125"]
[WhiteElo "2447"]
[BlackElo "2469"]
[Result "1-0"]
[Round "10"]
[TimeControl "180+1"]
[Date "2022.08.23"]
[WhiteClock "0:00:04"]
[BlackClock "0:00:03"]

1. e4 e5 2. Nf3 Nc6 3. Bb5 a6 4. Ba4 Nf6 5. O-O b5 6. Bb3 Be7 7. Re1 O-O 8. a4 b4 9. d3 d6 10. Nbd2 Na5 11. Ba2 Be6 12. c3 Rb8 13. Bxe6 fxe6 14. d4 Nd7 15. dxe5 dxe5 16. Nf1 Qe8 17. Be3 bxc3 18. bxc3 Nc4 19. Qe2 Nd6 20. Ng3 a5 21. Reb1 Qg6 22. Nd2 Nf6 23. Nc4 Rxb1+ 24. Rxb1 Nfxe4 25. Rc1 Nxg3 26. hxg3 Qe4 27. Nd2 Qxa4 28. Rb1 Qc2 29. Qa6 Qxc3 30. Nf3 e4 31. Rc1 Qd3 32. Qxd3 exd3 33. Rxc7 Nf5 34. Bd2 Bb4 35. Bxb4 axb4 36. Rb7 Rd8 37. Nd2 Rd4 38. Kf1 h5 39. Ke1 Nh6 40. f3 Nf5 41. Kf2 Nd6 42. Rb8+ Kf7 43. Ke3 Nf5+ 44. Kf2 Nd6 45. Ke3 e5 46. Rb6 Nf5+ 47. Kf2 Ne7 48. Rb7 Ke6 49. Ke1 Nf5 50. Nb3 Rd7 51. Nc5+ Kd6 52. Nxd7 Kc6 53. Ra7 Kd5 54. Kd2 Nxg3 55. Kxd3 h4 56. Nb6+ Kc5 57. Nc4 Nh5 58. Nxe5 Nf4+ 59. Ke4 Nxg2 60. Rxg7 h3 61. Rh7 b3 62. Rxh3 Kb4 63. Rh2 Ne1 64. f4 Nc2 65. Nd3+ Kc3 66. f5 1-0


[Site "https://www.chess.com"]

[Event "Titled Tuesday Blitz August 23 Late 2022"]
[White "Mladek, Richard"]
[Black "Bjelobrk, Igor"]
[WhiteFideId "386588"]
[BlackFideId "4300726"]
[WhiteElo "2263"]
[BlackElo "2335"]
[Result "1-0"]
[Round "10"]
[TimeControl "180+1"]
[Date "2022.08.23"]
[WhiteClock "0:00:19"]
[BlackClock "0:00:23"]

1. d4 d5 2. c4 e6 3. Nc3 c5 4. cxd5 exd5 5. Nf3 Nc6 6. dxc5 d4 7. Na4 b5 8. cxb6 axb6 9. e3 Bb4+ 10. Bd2 Bxd2+ 11. Qxd2 dxe3 12. Qxe3+ Nge7 13. Rd1 Qc7 14. Qxb6 Qf4 15. Bb5 Qe4+ 16. Qe3 Rxa4 17. Bxa4 Qxa4 18. O-O Qxa2 19. Qc5 O-O 20. Rfe1 Be6 21. Ng5 Qxb2 22. Nxe6 fxe6 23. Rxe6 h6 24. Rde1 Rf6 25. R6e2 Qb7 26. Rxe7 Nxe7 27. Qxe7 Qxe7 28. Rxe7 Rd6 29. g4 g5 30. Kg2 Rd4 31. h3 Rc4 32. Rd7 Rb4 33. Kf3 Ra4 34. Re7 Rb4 35. Re4 Rb3+ 36. Re3 Rb4 37. Re7 Ra4 38. Kg3 Rb4 39. Rd7 Ra4 40. f3 Rb4 41. Rc7 Ra4 42. Rb7 Rc4 43. Ra7 Rb4 44. h4 Rc4 45. hxg5 hxg5 46. Ra5 Kf7 47. Rxg5 Kf6 48. Rf5+ Kg6 49. Ra5 Rb4 50. Ra3 Rc4 51. f4 Rb4 52. Ra6+ Kf7 53. g5 Kg7 54. Kg4 Kf7 55. Ra5 Kg7 56. Kf5 Kf7 57. Ra7+ Kg8 58. Re7 Rb5+ 59. Re5 Rb6 60. Re4 Ra6 61. Kg4 Rb6 62. f5 Ra6 63. g6 Ra1 64. Kg5 Rb1 65. Ra4 Rc1 66. Ra8+ Kg7 67. f6# 1-0


[Site "https://www.chess.com"]